[Event "WR Chess Masters 2023"]
[Site "Duesseldorf"]
[Date "2023.02.17"]
[Round "2.5"]
[White "Gukesh D"]
[Black "Praggnanandhaa R"]
[Result "1-0"]
[ECO "C54"]
[WhiteElo "2718"]
[BlackElo "2690"]
[Annotator "TA"]
[PlyCount "63"]
[EventDate "2023.02.16"]
[EventCountry "GER"]
[SourceTitle "playchess.com"]
[Source "ChessBase"]
[SourceQuality "1"]
[TimeControl "40/7200:20/3600:900+30"]

1. e4 e5 2. Nf3 Nc6 3. Bc4 Bc5 4. c3 Nf6 5. d3 d6 6. b4 Bb6 7. a4 a5 8. b5 Ne7 9. O-O Ng6 10. Nbd2 O-O 11. Bb3 c6 12. Nc4 {[%emt 0:00:13] C54: Giuoco Piano: 4 c3 Nf6, main lines with 5 d4 and 5 d3.} Bc7 13. Bg5 $5 {[%emt 0:00:08][%mdl 4] [#] Exploring less charted territory.} d5 $146 ({Predecessor:} 13... h6 14. Bxf6 Qxf6 15. Ne3 Bb6 16. d4 Nf4 17. Re1 cxb5 18. axb5 exd4 19. cxd4 Be6 20. Bxe6 fxe6 {½-½ Mytsko,V (2306)-Kos,I (2317) SLO-SWE email 2019 [8]}) 14. Bxf6 {[%emt 0:28:05] White is slightly better.} Qxf6 15. exd5 Bg4 $1 (15... cxd5 16. Ne3 $16) 16. Ne3 Bh5 {[%emt 0:03:17] ...Nh4 would be deadly.} 17. dxc6 bxc6 18. bxc6 e4 {[%emt 0:24:45][%mdl 64] Discovered Attack} (18... Nh4 $5 19. Bd5 Qf4 $11) 19. dxe4 Nh4 20. Nd5 Qh6 21. Re1 Bxh2+ 22. Kf1 (22. Kh1 $2 Bf4 23. Kg1 Bxf3 $19) 22... Ra7 (22... Kh8 $5 ) 23. Qd3 ({Wrong is} 23. Qd4 $2 Nxf3 24. gxf3 (24. Qxa7 $2 Nd2#) 24... Bxf3 $19) 23... Bxf3 24. gxf3 {[%emt 0:00:06][%cal Bg2f3,Bf3f4,Bf4f5][%mdl 32] And now Ke2 would win.} Qxc6 25. f4 {[%emt 0:06:16] Black must now prevent Qh3.} Qh6 (25... Qg6 $2 26. Qh3 Qh6 27. Qxh2 $18) 26. f5 Rb7 27. Rab1 ({Much worse is} 27. Qh3 Rxb3 28. Qxh2 Qa6+ 29. Re2 Rb2 $17) 27... Rfb8 28. Bc2 Qg5 ({Black should try} 28... Rxb1 $14 29. Rxb1 Rxb1+ 30. Bxb1 Qc1+ 31. Ke2 h6) 29. Rxb7 $16 Rxb7 {[%emt 0:00:39] [#]} 30. e5 $1 {[%emt 0:04:52][%cal Od5e7] Intending Ne7+! and mate. The board is on fire.} ({But not} 30. Qh3 $6 Rb2 31. Ne3 (31. Qxh2 Nf3 $17) 31... Bf4 $14) 30... Rb2 $2 {[%emt 0:05:48][%mdl 8192] [#]} (30... Qg2+ $16 31. Ke2 g6) 31. Ne7+ $1 {[%emt 0:01:04][%mdl 576] Promotion} Qxe7 {[%emt 0:00:20] [#]} 32. f6 $1 {[%emt 0:00:05][%mdl 576] Discovered Attack. Artfully played by Gukesh D.   Weighted Error Value: White=0.05 (flawless) /Black=0.27 (precise)} 1-0

[Event "WR Chess Masters 2023"]
[Site "Duesseldorf"]
[Date "2023.02.18"]
[Round "3.1"]
[White "Aronian, Levon"]
[Black "Abdusattorov, Nodirbek"]
[Result "1-0"]
[ECO "B76"]
[WhiteElo "2736"]
[BlackElo "2734"]
[Annotator "TA"]
[PlyCount "60"]
[EventDate "2023.02.16"]
[EventCountry "GER"]
[SourceTitle "playchess.com"]
[Source "ChessBase"]
[SourceQuality "1"]
[TimeControl "40/7200:20/3600:900+30"]

1. e4 c5 2. Nf3 d6 3. d4 cxd4 4. Nxd4 Nf6 5. Nc3 g6 6. Be3 Bg7 7. f3 O-O 8. Qd2 Nc6 9. g4 h5 10. g5 {[%emt 0:03:34] B76: Sicilian Dragon: Yugoslav Attack, 9 g4 and 9 0-0-0.} Ne8 {[%emt 0:07:46] [#]} 11. O-O-O $5 $146 {[%emt 0:02:13][%mdl 8] An interesting novelty.} ({Predecessor:} 11. f4 Bd7 12. f5 Rc8 13. O-O-O Ne5 14. Nd5 Nc7 15. Nf4 Re8 16. h4 Bc6 17. Nxc6 bxc6 {0-1 Herrera,J-Jimenez Martinez,A (1778) NCA-ch Managua 2011 (8)}) 11... Qa5 12. Nb3 {[%emt 0:07:17] White is slightly better.} Bxc3 13. Nxa5 Bxd2+ 14. Bxd2 f6 (14... Nd4 $14) 15. Nxc6 $16 bxc6 16. gxf6 Nxf6 17. Bh6 Re8 18. Bc4+ Kh7 19. Bg5 {[%emt 0:00:05][%cal Bh6g5,Bg5d2,Bd2c3][%mdl 32] Threatens to win with Bxf6.} Kg7 20. Rhg1 {[%emt 0:01:43] White has more active pieces. The black rooks are badly placed.} a5 21. Rg2 {[%emt 0:07:20] Rdg1 is the strong threat.} Nd7 (21... d5 $16) 22. Rdg1 {[%emt 0:02:18][%cal Og5e7] [#] And now Bxe7! would win.} Ba6 23. Bb3 {[%emt 0:03:19] A strong pair of Bishops.} Nf8 24. Bd2 Bc8 25. a4 e5 {[%emt 0:02:55] [#]} 26. Bc3 $1 Be6 27. Rd2 Bxb3 28. cxb3 Re6 29. Rgd1 Rd8 30. f4 ({Don't play} 30. Bxa5 Rd7 31. Bb4 c5 $18) 30... g5 {[%emt 0:03:14] White took control after the opening.   Weighted Error Value: White=0.07 (flawless) /Black=0.30} (30... Rde8 {was necessary.} 31. Rxd6 Kf7 32. fxe5 Ra8) 1-0

[Event "WR Chess Masters 2023"]
[Site "Duesseldorf"]
[Date "2023.02.18"]
[Round "3.2"]
[White "So, Wesley"]
[Black "Gukesh D"]
[Result "1/2-1/2"]
[ECO "D20"]
[WhiteElo "2766"]
[BlackElo "2718"]
[Annotator "TA"]
[PlyCount "65"]
[EventDate "2023.02.16"]
[EventCountry "GER"]
[SourceTitle "playchess.com"]
[Source "ChessBase"]
[SourceQuality "1"]
[TimeControl "40/7200:20/3600:900+30"]

1. d4 d5 2. c4 dxc4 3. e4 e5 4. Nf3 Bb4+ 5. Nc3 exd4 6. Nxd4 {[%emt 0:00:02] With the idea Qa4+.} Nd7 $1 {[%emt 0:00:06][%mdl 4] now scores much better than the old 6...Ne7. D20: Queen's Gambit Accepted: 3 e3 and 3 e4.} 7. Bxc4 {[%emt 0:00:06] [#] Hoping for 0-0.} Ngf6 $1 8. f3 O-O {[%emt 0:00:09] White is slightly better.} 9. Be2 Ne5 10. Be3 Qe7 11. O-O c5 12. Nc2 Bxc3 13. bxc3 Be6 {[%emt 0:00:14] [#]} 14. Na3 $146 ({Predecessor:} 14. Qe1 Bc4 15. Bg5 h6 16. Bh4 Bxe2 17. Qxe2 Ng6 18. Bf2 Rad8 19. Qb5 b6 20. Ne3 {1-0 Pultinevicius,P (2539)-Nyysti,S (2363) Olympiad-44 Chennai 2022 (5.3)}) 14... Rfd8 15. Qc2 a6 16. c4 Nc6 17. Qb2 Nd4 18. Rfd1 Nxe2+ 19. Qxe2 Rxd1+ 20. Rxd1 Nd7 21. Qb2 b5 22. cxb5 axb5 23. Nxb5 Rxa2 24. Qc3 h6 25. Nc7 Kh7 (25... c4 $11) 26. Bf2 ({White should play} 26. Nxe6 $14 Qxe6 27. Bxc5) 26... c4 $11 {[%emt 0:02:38] The position is equal.} 27. Qd4 Nf8 28. Nd5 Bxd5 29. Qxd5 (29. exd5 $5 Qe2 30. Re1 $11) 29... Qe6 30. Rc1 Qxd5 31. exd5 Rd2 32. h4 Rxd5 33. Rxc4 {[%emt 0:00:05] Weighted Error Value: White=0.07 (flawless) /Black=0.04 (flawless)} 1/2-1/2

[Event "WR Chess Masters 2023"]
[Site "Duesseldorf"]
[Date "2023.02.18"]
[Round "3.3"]
[White "Nepomniachtchi, Ian"]
[Black "Giri, Anish"]
[Result "1/2-1/2"]
[ECO "A28"]
[WhiteElo "2793"]
[BlackElo "2780"]
[Annotator "TA"]
[PlyCount "73"]
[EventDate "2023.02.16"]
[EventCountry "GER"]
[SourceTitle "playchess.com"]
[Source "ChessBase"]
[SourceQuality "1"]
[TimeControl "40/7200:20/3600:900+30"]

1. c4 Nf6 2. Nc3 e5 3. Nf3 Nc6 4. a3 d5 5. cxd5 Nxd5 6. Qc2 Nxc3 $1 {[%emt 0:00:40][%mdl 4] is now more promising than 6...Be7.} 7. bxc3 {[%emt 0:00:14] [#] A28: English Opening: Four Knights Variation.} Qd6 $146 ({Predecessor:} 7... Bd6 8. g3 O-O 9. Bg2 Re8 10. d3 Bf5 11. O-O e4 12. Nh4 exd3 13. exd3 Bd7 14. Rb1 b6 {1-0 Firouzja,A (2778)-Aronian,L (2775) Saint Louis Blitz 2022 (13)}) 8. g3 Qg6 9. d3 Be7 10. Bg2 O-O 11. O-O Rb8 12. a4 b6 13. Nd2 Na5 14. Bb2 Bb7 15. Bxb7 Rxb7 16. c4 Nc6 17. Nf3 Bd6 18. a5 {[%emt 0:01:37][%mdl 64] [#] Deflection} bxa5 19. c5 Bxc5 {[%emt 0:00:13][%mdl 64] Deflection} 20. Bxe5 Bb6 21. Rfc1 Nb4 22. Qc4 c5 23. Bf4 Re8 {[%emt 0:02:19] Dodges Qe4} (23... Re7 $5 24. Nh4 Qf6 $15) 24. Be3 Rbe7 25. Nd2 Qh5 26. Re1 Nd5 (26... h6 {looks sharper.} 27. Ne4 Qh3 28. Rf1 Re5) 27. Nf1 h6 28. Rac1 Nf6 29. Qa4 Ng4 30. Rc4 f5 (30... Ne5 $5 31. Rh4 Qg6 $17) 31. Qa2 Qf7 32. Ra4 (32. Rc2 $15 {deserves consideration.}) 32... Qxa2 33. Rxa2 c4 34. dxc4 {[%emt 0:01:35] The position is equal.} Nxe3 35. Nxe3 Bxe3 36. fxe3 Rxe3 37. Rxa5 {[%emt 0:00:05] Weighted Error Value: White=0.11 (very precise) /Black=0.09 (flawless)} 1/2-1/2

[Event "WR Chess Masters 2023"]
[Site "Duesseldorf"]
[Date "2023.02.18"]
[Round "3.4"]
[White "Esipenko, Andrey"]
[Black "Duda, Jan-Krzysztof"]
[Result "1/2-1/2"]
[ECO "E04"]
[WhiteElo "2675"]
[BlackElo "2729"]
[Annotator "TA"]
[PlyCount "87"]
[EventDate "2023.02.16"]
[EventCountry "GER"]
[SourceTitle "playchess.com"]
[Source "ChessBase"]
[SourceQuality "1"]
[TimeControl "40/7200:20/3600:900+30"]

1. d4 Nf6 2. c4 e6 3. Nf3 d5 4. g3 dxc4 5. Bg2 c5 6. O-O Nc6 7. Qa4 Bd7 8. dxc5 Bxc5 9. Qxc4 Be7 10. Nc3 O-O 11. e4 {[%emt 0:00:19] E04: Open Catalan: 5 Nf3.} Rc8 12. Qe2 Qa5 13. Rd1 {[%emt 0:12:14] The position is equal.} Rfd8 {[%emt 0:04:20] [#]} 14. Bd2 $146 (14. e5 $5 Nd5 15. Nxd5 exd5 16. Ng5 $14) ({Predecessor:} 14. e5 Nd5 15. Nxd5 exd5 16. Ng5 Be8 {½-½ Baars,N (1712)-Ascic,P (2252) BL2-Nord 2122 2022 (10.6)}) 14... Qb6 15. Be3 Qa5 16. Nd2 Be8 17. Nb3 {[%emt 0:06:10] Inhibits Nd4.} (17. Nc4 $5 Qc7 18. b3 $14) 17... Qb4 18. f4 Nd7 19. e5 Nb6 20. Bf2 a5 21. Be1 a4 {[%emt 0:08:03] [#]} 22. Nd5 $1 {[%emt 0:02:33][%mdl 64] Discovered Attack} Qc4 23. Qxc4 Nxc4 24. Nxe7+ Nxe7 25. Rxd8 Rxd8 26. Na5 Nxa5 27. Bxa5 Ra8 28. Bb4 (28. Bxb7 $2 {too greedy.} Rxa5 29. Bf3 Rb5 $19) 28... Nd5 29. Bd2 Rc8 30. Rc1 {[%emt 0:00:25] Inhibits Rc2.} Rxc1+ 31. Bxc1 $11 {[%emt 0:00:03][%mdl 4096] Endgame KBB-KBN} Bc6 32. Bd2 h5 33. Kf2 Kf8 34. h3 Ke8 35. g4 hxg4 36. hxg4 Kd7 37. Bf1 Nc7 38. Bd3 Bd5 39. a3 Bb3 40. f5 {[%emt 0:00:00] White is slightly better.} Bd1 41. Kg3 Nd5 42. Kh4 f6 43. exf6 gxf6 44. fxe6+ {[%emt 0:05:06] Weighted Error Value: White=0.05 (flawless) /Black=0.05 (flawless)} 1/2-1/2

[Event "WR Chess Masters 2023"]
[Site "Duesseldorf"]
[Date "2023.02.18"]
[Round "3.5"]
[White "Praggnanandhaa R"]
[Black "Keymer, Vincent"]
[Result "1-0"]
[ECO "C84"]
[WhiteElo "2690"]
[BlackElo "2690"]
[Annotator "TA"]
[PlyCount "85"]
[EventDate "2023.02.16"]
[EventCountry "GER"]
[SourceTitle "playchess.com"]
[Source "ChessBase"]
[SourceQuality "1"]
[TimeControl "40/7200:20/3600:900+30"]

1. e4 e5 2. Nf3 Nc6 3. Bb5 a6 4. Ba4 Nf6 5. O-O Be7 6. d3 b5 7. Bb3 d6 8. Bd2 {[%emt 0:00:09] C84: Closed Ruy Lopez: Unusual White 6th moves.} O-O 9. h3 h6 10. Re1 {[%emt 0:00:47] The position is equal.} Rb8 11. a3 Re8 12. Nc3 Bf8 13. Nd5 Nxd5 14. Bxd5 Ne7 15. Bb3 {[%emt 0:00:18] [#]} c5 $146 ({Predecessor:} 15... Ng6 16. a4 Be6 17. Bxe6 Rxe6 18. axb5 axb5 19. Qe2 d5 20. exd5 Qxd5 21. Qe4 Qxe4 22. dxe4 {0-1 Caruana,F (2847)-Carlsen,M (2830) Wch Blitz Almaty 2022 (17)}) 16. a4 Bb7 17. Nh4 Qc7 18. axb5 axb5 19. Qg4 Qc8 20. Qg3 (20. Bxh6 $2 {perishes.} Qxg4 21. hxg4 gxh6 $19) 20... c4 21. dxc4 bxc4 22. Ba4 Bc6 23. Bxh6 Rxb2 24. Bc1 Rb7 25. Bg5 $36 {[%emt 0:01:31][%mdl 2048] White is more active.} Bxa4 26. Rxa4 Qc6 27. Ra5 Qc7 28. Ra6 {[%emt 0:04:38] Black is on the road to losing.} Nc6 29. c3 {[%emt 0:06:45] Dodges Nb4. White is more active.} Rb3 (29... Ne7 $142) 30. Nf5 $16 {[%emt 0:03:09][%cal Of5g7] Hoping for Nxg7!} Nd4 {[%emt 0:03:43] [#]} (30... Re6 $16) 31. Bf6 $1 $18 Ne6 {[%emt 0:11:41] [#]} (31... Nxf5 32. exf5 Qb7 33. Bxg7 $18 (33. Rxd6 Rb1 $18)) 32. Rxd6 $3 {[%emt 0:09:18][%mdl 576] aiming for Rd5. Deflection} Rxc3 (32... Bxd6 $2 33. Nxg7 Nf4 34. Nxe8+ Ng6 35. Nxc7 $18) 33. Qxc3 Bxd6 34. Qg3 Bf8 35. Bxe5 Qd7 (35... Qa7 $142 36. Rc1 Rc8) 36. Kh2 Qb7 37. Qg4 {[%emt 0:04:51] Re3 would be deadly.} Rd8 38. Rc1 Qa7 $2 (38... Rc8 39. Ne3 g6) 39. Rc2 {[%emt 0:01:27] White is clearly winning.} ({Weaker is} 39. Rxc4 Qxf2 40. Nh6+ Kh7 $18) 39... Qc5 (39... Qd7 $142 40. Rxc4 Qd2) 40. Nh6+ {[%emt 0:00:00][%mdl 64] Deflection} Kh7 41. Nxf7 Re8 42. f4 (42. Rc3 $142 Qxf2 43. Rf3 Qxf3 44. gxf3) 42... Kg8 43. Qg6 {[%emt 0:01:35] Weighted Error Value: White=0.12 (very precise) /Black=0.29 (precise)} 1-0

[Event "WR Chess Masters 2023"]
[Site "Duesseldorf"]
[Date "2023.02.18"]
[Round "4.1"]
[White "Duda, Jan-Krzysztof"]
[Black "Aronian, Levon"]
[Result "1/2-1/2"]
[ECO "D39"]
[WhiteElo "2729"]
[BlackElo "2736"]
[Annotator "TA"]
[PlyCount "61"]
[EventDate "2023.02.16"]
[EventCountry "GER"]
[SourceTitle "playchess.com"]
[Source "ChessBase"]
[SourceQuality "1"]
[TimeControl "40/7200:20/3600:900+30"]

1. d4 Nf6 2. c4 e6 3. Nf3 d5 4. Nc3 Bb4 5. Bg5 dxc4 6. e4 c5 7. e5 cxd4 8. Nxd4 Bxc3+ 9. bxc3 Qa5 10. exf6 Qxg5 11. fxg7 Qxg7 {[%emt 0:00:17] The position is equal.} 12. Qd2 {[%emt 0:00:09] D39: Queen's Gambit Declined: Ragozin Defence with 5 Bg5 dxc4.} O-O 13. Bxc4 Rd8 (13... Qxg2 $2 14. O-O-O Qg6 15. Rhg1 $18) 14. Qe3 Bd7 (14... Qxg2 $2 15. O-O-O Rxd4 16. Qxd4 Qg5+ 17. Kb2 $18) (14... e5 15. Nf3 $14) 15. O-O-O Nc6 16. Bb3 {[%emt 0:00:15] [#]} Rac8 $146 (16... Qxg2 $2 17. Rhg1 $18) ({Predecessor:} 16... Be8 17. Nxc6 Bxc6 18. h4 Qf6 19. Rh3 b5 20. Rg3+ Kh8 21. Rg4 a5 22. Rf4 Qg7 23. Rxd8+ Rxd8 {½-½ Carlsen,M (2875)-Aronian,L (2752) Croatia GCT Zagreb 2019 (9)}) 17. Kb2 a5 (17... Qxg2 $2 18. Rhg1 $18) 18. h4 {[%emt 0:06:06] Black must now prevent Rh3.} Kh8 (18... Qxg2 $2 19. Rhg1 $18) (18... Nxd4 19. Rxd4 e5 20. Rd5 $14) 19. h5 Qe5 20. Qf3 Nxd4 21. cxd4 Qg5 22. Qxf7 a4 23. Bxe6 Bxe6 24. Qxe6 {[%emt 0:00:56] [#] Strongly threatening Qe5+.} Re8 (24... Qxg2 $2 25. Qe5+ Qg7 26. h6 Qxe5 27. dxe5 $18) 25. Qd6 Re2+ (25... Qxg2 26. Qf6+ Qg7 27. Qxg7+ Kxg7 28. d5 $16) 26. Ka1 Rcc2 (26... Qb5 $2 27. Rd2 (27. Rb1 Qc4 $11) (27. Qf6+ Kg8 $11) 27... Rxd2 28. Qf6+ Kg8 29. Qe6+ Kf8 30. Qh6+ (30. Qxc8+ Qe8 $18) 30... Ke8 31. Qxd2 $18) 27. Qf8+ Qg8 28. Qf6+ Qg7 29. Qd8+ Qg8 30. Qf6+ Qg7 31. Qd8+ {[%emt 0:00:04] A balanced but interesting game.   Weighted Error Value: White=0.02 (flawless) /Black=0.02 (flawless)} 1/2-1/2

[Event "WR Chess Masters 2023"]
[Site "Duesseldorf"]
[Date "2023.02.18"]
[Round "4.2"]
[White "So, Wesley"]
[Black "Nepomniachtchi, Ian"]
[Result "1/2-1/2"]
[ECO "E08"]
[WhiteElo "2766"]
[BlackElo "2793"]
[Annotator "TA"]
[PlyCount "83"]
[EventDate "2023.02.16"]
[EventCountry "GER"]
[SourceTitle "playchess.com"]
[Source "ChessBase"]
[SourceQuality "1"]
[TimeControl "40/7200:20/3600:900+30"]

1. d4 Nf6 2. c4 e6 3. Nf3 d5 4. g3 Bb4+ 5. Bd2 Be7 6. Bg2 O-O 7. O-O c6 8. Qc2 Nbd7 9. Bf4 b6 10. Rd1 {[%emt 0:02:11] 10.Nbd2 is more fashionable.} Ba6 {[%emt 0:01:34] E08: Closed Catalan: Main Line: 7 Qc2.} 11. Ne5 Nxe5 12. dxe5 Nd7 {[%emt 0:00:58] White has an edge.} 13. cxd5 cxd5 14. e4 Rc8 15. Nc3 d4 16. Rxd4 {[%emt 0:00:17] [#] Threatens to win with Qa4.} Qc7 17. Rad1 Rfd8 (17... Nxe5 $2 18. Qa4 Bb7 19. Rd7 Qxd7 20. Rxd7 $18) 18. h4 h6 19. h5 Bc5 20. R4d2 Bf8 {[%emt 0:00:08] [#]} 21. Rd4 $146 {[%emt 0:06:42] [#] Strongly threatening Qd2.} ({Predecessor:} 21. Qb1 Nc5 22. Rxd8 Rxd8 23. Rxd8 Qxd8 24. Be3 Qc7 25. f4 Qc6 26. Qd1 Nd3 27. Qd2 Bb4 28. a3 Bxc3 29. Qxc3 Qxc3 30. bxc3 {½-½ Pham,C (2352)-Tran,M (2342) Hanoi op 2022 (6)}) 21... Bc5 22. R4d2 Bf8 23. a4 Nb8 (23... Be7 $11) 24. Rxd8 $14 Rxd8 25. Rxd8 Qxd8 26. Nb5 {[%emt 0:06:17] Against Qc7} Bxb5 27. axb5 Bc5 28. Qd2 Qxd2 29. Bxd2 {[%emt 0:01:29][%mdl 4096] Endgame KBB-KBN} Bd4 $1 30. Bc3 Bxc3 31. bxc3 {[%emt 0:00:02] KB-KN} Nd7 32. f4 Nc5 33. Kf2 Na4 34. c4 Nc5 35. Ke3 Nd7 36. Bf1 Kf8 37. Bd3 Ke7 38. Bc2 Kf8 39. Kd4 Ke7 40. Ke3 Kf8 $1 41. Kf3 Ke7 42. Ke3 {[%emt 0:00:07] Weighted Error Value: White=0.09 (flawless) /Black=0.04 (flawless)} (42. Kg4 $16) 1/2-1/2

[Event "WR Chess Masters 2023"]
[Site "Duesseldorf"]
[Date "2023.02.18"]
[Round "4.3"]
[White "Gukesh D"]
[Black "Keymer, Vincent"]
[Result "1/2-1/2"]
[ECO "B90"]
[WhiteElo "2718"]
[BlackElo "2690"]
[Annotator "TA"]
[PlyCount "79"]
[EventDate "2023.02.16"]
[EventCountry "GER"]
[SourceTitle "playchess.com"]
[Source "ChessBase"]
[SourceQuality "1"]
[TimeControl "40/7200:20/3600:900+30"]

1. e4 c5 2. Nf3 d6 3. d4 cxd4 4. Nxd4 Nf6 5. Nc3 a6 6. h3 e5 $1 {[%emt 0:00:10] The main line 6...e5 scores better than 6...e6.} 7. Nb3 Be6 {[%emt 0:00:57] B90: Sicilian Najdorf: Unusual White 6th moves, 6 Be3 Ng4 and 6 Be3 e5.} 8. Be3 Nbd7 9. g4 h6 {[%emt 0:04:50] The position is equal.} 10. Qd3 {[%emt 0:12:58] [#]} Nc5 $146 ({Predecessor:} 10... Rc8 11. O-O-O Be7 12. Kb1 b5 13. f4 exf4 14. Bxf4 Ne5 15. Qg3 Qc7 16. Qg2 O-O {½-½ Panitevsky,I (2507)-Firnhaber,I (2469) FRA MT-Muneret email 2018}) 11. Nxc5 dxc5 12. Qe2 Be7 13. Bg2 O-O 14. O-O Qb6 15. Nd5 Nxd5 (15... Qxb2 $2 16. Rfb1 Qa3 17. Nxe7+ $18) 16. exd5 Bd7 {[%emt 0:00:06] [#]} 17. b4 $1 {[%emt 0:04:15] Strongly threatening Rab1.} Qxb4 {[%emt 0:11:48] [#]} (17... Qc7 $5 ) 18. d6 $1 Bg5 (18... Bxd6 19. Qd1 $16) 19. Bxg5 Bb5 20. c3 Qa4 {[%emt 0:07:11] [#]} (20... hxg5 $2 21. cxb4 Bxe2 22. Rfe1 $18) 21. Qxe5 Bxf1 22. Bxh6 gxh6 23. Rxf1 Rae8 24. Qxc5 {[%emt 0:01:36] Threatens to win with c4.} Re6 $1 25. Bd5 Rg6 26. Rb1 {[%emt 0:07:26] And now c4 would win.} h5 27. d7 {[%emt 0:02:04][%mdl 64] Deflection} (27. Bxb7 hxg4 28. Qf5 (28. h4 $2 g3 $19) 28... gxh3+ 29. Kh1 Qa3 $17) 27... Qxd7 28. Be4 $1 (28. Bxb7 $2 {loses.} Rb8 29. Qxh5 Rxb7 30. Rxb7 Qxb7 $19) (28. Rxb7 Qf5 29. f3 Qf4 $17) 28... hxg4 29. Bxg6 (29. Bxb7 $2 {too greedy.} Rb8 30. Qd4 gxh3+ 31. Kh1 Rxb7 $19) 29... fxg6 $11 {[%emt 0:00:01][%mdl 4096] Endgame KQR-KQR} 30. Qc4+ Qf7 31. Qxf7+ {[%emt 0:00:04] White is slightly better.} ({Of course not} 31. Qxg4 Qxf2+ 32. Kh1 Qf3+ 33. Qxf3 Rxf3 $11) 31... Rxf7 32. hxg4 $14 {[%emt 0:00:02] KR-KR} b5 33. Kg2 Rc7 34. Rd1 Rxc3 35. Rd6 Kf7 36. Rxa6 b4 37. g5 b3 38. axb3 Rxb3 39. Rf6+ Kg7 40. f3 {[%emt 0:00:00] An interesting game.   Weighted Error Value: White=0.05 (flawless) /Black=0.07 (flawless)} 1/2-1/2

[Event "WR Chess Masters 2023"]
[Site "Duesseldorf"]
[Date "2023.02.18"]
[Round "4.4"]
[White "Abdusattorov, Nodirbek"]
[Black "Praggnanandhaa R"]
[Result "1/2-1/2"]
[ECO "B22"]
[WhiteElo "2734"]
[BlackElo "2690"]
[Annotator "TA"]
[PlyCount "116"]
[EventDate "2023.02.16"]
[EventCountry "GER"]
[SourceTitle "playchess.com"]
[Source "ChessBase"]
[SourceQuality "1"]
[TimeControl "40/7200:20/3600:900+30"]

1. e4 c5 2. Nf3 Nc6 3. c3 d5 4. exd5 Qxd5 5. d4 Nf6 6. Be2 e6 7. O-O cxd4 8. cxd4 Be7 9. Nc3 Qd6 10. Nb5 Qd8 11. Bf4 Nd5 12. Bg3 O-O $1 {[%emt 0:00:09][%mdl 4] is more profitable than 12...a6 at the moment.} 13. Rc1 {[%emt 0:01:25] B22: Sicilian: 2 c3.} Bd7 14. Nd6 Bxd6 15. Bxd6 Nce7 {[%emt 0:01:38][%cal Bc6e7,Be7g6,Bg6f4][%mdl 32] [#]} 16. Ba3 $146 ({Predecessor:} 16. Qd2 a6 17. Ba3 Bb5 18. Bxb5 axb5 19. Ne5 Ra4 20. Qd1 Qe8 21. Bc5 b6 22. Bxe7 Qxe7 {½-½ Kosteniuk,A (2504)-Krush,I (2422) Saint Louis Cairns Cup (Women) 2nd 2020 (1)}) 16... Re8 17. Ne5 Ng6 (17... f6 {simplifies} 18. Nxd7 Qxd7 19. Bxe7 Qxe7 20. Re1 Rac8) 18. Qd2 Ngf4 {[%emt 0:12:58][%cal Od8g5] [#] ...Qg5! would be deadly. A dynamic duo of knights.} 19. Bf3 Bb5 20. Rfd1 Qf6 21. Bd6 Rad8 22. Ng4 Qf5 23. Bxf4 Qxf4 24. Ne3 Bc6 25. Nxd5 Qxd2 26. Rxd2 {[%emt 0:00:04] [#] Threatens to win with Nc3.} Bxd5 27. Rc7 Kf8 28. Bxd5 exd5 $11 {[%emt 0:00:10][%cal Re8e1][%mdl 4096] Endgame KRR-KRR} 29. g4 (29. Rxb7 $2 Re1#) 29... Re7 {[%emt 0:00:34] The position is equal.} 30. Rdc2 Ke8 31. Kg2 Rxc7 32. Rxc7 {[%emt 0:00:07] KR-KR} Rd7 33. Rc8+ Rd8 34. Rc3 Rd6 35. h4 Kd7 36. Ra3 Rb6 37. Rxa7 Rxb2 38. Kf3 Ke6 39. Ra8 h6 40. Ke3 Rc2 41. Re8+ Kd6 42. h5 Rc3+ ({Don't play} 42... Rxa2 43. Rg8 $11) 43. Kf4 Rd3 44. Rg8 Rxd4+ 45. Kf5 Rd2 46. f4 d4 47. Rxg7 Ke7 {[%emt 0:02:05][%cal Od2e2] Strongly threatening ...Re2!} ({Don't take} 47... Rxa2 48. Rxf7 b5 49. Rf6+ Kc7 50. Ke4 $16 (50. Rxh6 d3 $11)) 48. Ke4 Rxa2 49. Rg8 Rd2 50. Rb8 Kf6 51. Rxb7 Re2+ 52. Kxd4 Rg2 53. Rb6+ Kg7 54. g5 hxg5 55. h6+ Kh7 56. fxg5 Rxg5 57. Rf6 Rg6 58. Rxf7+ Kxh6 {[%emt 0:00:03] An even fight not without its subleties.   Weighted Error Value: White=0.02 (flawless) /Black=0.02 (flawless)} 1/2-1/2

[Event "WR Chess Masters 2023"]
[Site "Duesseldorf"]
[Date "2023.02.18"]
[Round "4.5"]
[White "Giri, Anish"]
[Black "Esipenko, Andrey"]
[Result "1/2-1/2"]
[ECO "D00"]
[WhiteElo "2780"]
[BlackElo "2675"]
[Annotator "TA"]
[PlyCount "65"]
[EventDate "2023.02.16"]
[EventCountry "GER"]
[SourceTitle "playchess.com"]
[Source "ChessBase"]
[SourceQuality "1"]
[TimeControl "40/7200:20/3600:900+30"]

1. d4 Nf6 2. Bf4 d5 3. e3 c5 4. dxc5 e6 5. b4 a5 6. c3 {[%emt 0:00:25] D00: 1 d4 d5: Unusual lines.} ({Reject} 6. Bb5+ Bd7 7. Bxd7+ Qxd7 8. bxa5 Bxc5 $15) 6... Nc6 7. Bb5 Bd7 8. Qb3 $1 {[%emt 0:00:19] White has an edge.} Nh5 (8... Ne4 {seems wilder.} 9. f3 e5 10. fxe4 exf4 11. Ne2 Qh4+) 9. Ne2 Nxf4 10. Nxf4 g6 11. a4 Bg7 12. Ra2 O-O 13. O-O {[%emt 0:00:49] [#]} Ne5 $146 ({Predecessor:} 13... Qc7 14. Rd1 Rfc8 15. Na3 b6 16. Nd3 bxc5 17. Nxc5 Be8 18. Rc2 Qb6 19. Nd3 Rab8 {1-0 Moroni,L (2499)-Mesaros,F (2416) Wch U18 Montevideo 2017 (6)}) 14. Bxd7 Qxd7 15. Rd1 Qc6 16. Nd3 Nxd3 17. Rxd3 Rfc8 18. Nd2 (18. g3 $16) 18... axb4 19. cxb4 b6 20. cxb6 Qxb6 21. b5 ({Better is} 21. Qa3 $16) 21... Rc1+ $11 {[%emt 0:00:44] The position is equal.} 22. Nf1 {[%emt 0:00:03][%cal Oe3e4] White is weak on the dark squares} Qa5 {[%emt 0:01:51] [#] And now ...Qe1 would win.} 23. Rd1 $132 {[%emt 0:09:11][%mdl 2048] Against Qe1. White is fighting back} Rc3 24. Qb1 Rc4 25. Rd3 Rb8 26. Rb3 Rxa4 27. Rxa4 Qxa4 28. g3 Rb6 29. h4 h5 30. Kg2 Bf6 31. Nd2 Kg7 32. Qd3 Bxh4 33. gxh4 {[%emt 0:05:49] Weighted Error Value: White=0.10 (very precise) /Black=0.08 (flawless)} 1/2-1/2